 Dungeon Crawl Stone Soup version 0.31-a0-971-g75a2e9a4b4 (webtiles) character file.

Game seed: 12980621479820105306

10873 Vomitron the Ogre Mage (level 11, -19/107 HPs)
             Began as an Ogre Ice Elementalist on Oct 28, 2023.
             Was an Elder of Elyvilon.
             Demolished by a catoblepas (24 damage)
             ... in a Gauntlet.
             The game lasted 00:27:00 (12332 turns).

Vomitron the Ogre Mage (Ogre Ice Elementalist)     Turns: 12332, Time: 00:27:01

Health: -19/107    AC: 12    Str: 14    XL:     11   Next: 68%
Magic:  15/25      EV:  8    Int: 20    God:    Elyvilon [****..]
Gold:   406        SH:  0    Dex:  9    Spells: 20/31 levels left

rFire   . . .        x - +1 whip (elec)
rCold   + . .        (no shield)
rNeg    . . .        E - +0 swamp dragon scales
rPois   +            (helmet restricted)
rElec   .            I - scarf of Sif Muna, Protecting {repulsion, rC+}
rCorr   +            (gloves unavailable)
SInv    .            (boots unavailable)
Will    +....        C - amulet of faith
Stlth   +            n - +4 ring of protection
HPRegen 0.37/turn    i - ring of resist corrosion
MPRegen 0.19/turn

%: no teleportation, repel missiles, faith
@: freezing walls
A: large, unfitting armour, tough skin 1
a: Renounce Religion, Purification, Heal Other, Heal Self


You were in a Gauntlet.
You worshipped Elyvilon.
Elyvilon was greatly pleased with you.
You visited 2 branches of the dungeon, and saw 12 of its levels.
You also visited: Gauntlet.

You collected 567 gold pieces.
You spent 161 gold pieces at shops.

Inventory:

Hand Weapons
 k - a +0 club
 q - a +0 spear
 r - a +1 halberd of protection
 x - a +1 whip of electrocution (weapon)
Armour
 a - a +1 robe
 B - +0 steam dragon scales
 E - +0 swamp dragon scales (worn)
 I - the scarf of Sif Muna, Protecting (worn) {repulsion, rC+}
   (You acquired it on level 9 of the Dungeon)

   rC+:       It protects you from cold.
 K - a +0 kite shield
Jewellery
 i - a ring of resist corrosion (right hand)
 n - a +4 ring of protection (left hand)
 C - an amulet of faith (around neck)
 J - an amulet of reflection
 M - a ring of flight
 N - a ring of ice
 O - an amulet of regeneration
Wands
 f - a wand of flame (25)
Scrolls
 c - 2 scrolls of amnesia
 e - 3 scrolls of enchant armour
 g - 3 scrolls of teleportation
 p - 3 scrolls of noise
 s - 3 scrolls of vulnerability
 t - a scroll of brand weapon
 u - 2 scrolls of fear
 y - 6 scrolls of identify
 z - 2 scrolls of blinking
 A - a scroll of silence
 G - a scroll of poison
 H - 2 scrolls of enchant weapon
Potions
 b - 2 potions of magic
 d - 2 potions of attraction
 h - 2 potions of brilliance
 j - 2 potions of berserk rage {unknown}
 l - a potion of resistance {unknown}
 m - 2 potions of heal wounds {unknown}
 o - 2 potions of invisibility {unknown}
 v - 5 potions of curing
 w - a potion of degeneration {unknown}
 D - a potion of enlightenment {unknown}
 F - a potion of cancellation {unknown}
 L - a potion of lignification


   Skills:
 - Level 6.5 Fighting
 - Level 2.0 Dodging
 - Level 1.5 Stealth
 + Level 2.3 Shields
 + Level 10.7 Spellcasting
 + Level 6.5 Conjurations
 - Level 4.0 Summonings
 + Level 9.5 Ice Magic
 + Level 7.1 Invocations


You had 20 spell levels left.
You knew the following spells:

 Your Spells              Type           Power      Damage    Failure   Level
a - Freeze                Ice            100%       1d10      1%          1
b - Frozen Ramparts       Ice            96%        1d15      1%          3
c - Hailstorm             Conj/Ice       42%        3d10      1%          3
d - Summon Ice Beast      Ice/Summ       37%        N/A       9%          4

Your spell library contained the following spells:

 Spells                   Type           Power      Damage    Failure   Level
 Ozocubu's Armour         Ice            48%        N/A       1%          3
 Summon Small Mammal      Summ           100%       N/A       2%          1
 Apportation              Tloc           20%        N/A       13%         1
 Necrotise                Necr           40%        1d6       13%         1
 Olgreb's Toxic Radiance  Pois           10%        N/A       78%         4
 Discord                  Hex            5%         N/A       100%        8
 Ignition                 Fire           5%         3d4       100%        8


Dungeon Overview and Level Annotations

Branches:
Dungeon (11/15)            Temple (1/1) D:7            Lair (0/5) D:8
    Orc (0/2) D:9         Gauntlet (1/1)

Altars:
Ashenzari
Cheibriados
Dithmenos
Elyvilon
Fedhas
Gozag
Hepliaklqana
Kikubaaqudgha
Makhleb
Nemelex Xobeh
Okawaru
Qazlal
Ru
Sif Muna
Trog
Uskayaw
Vehumet
Wu Jian
Xom
Yredelemnul
Zin
The Shining One

Shops:
D:5 *   D:9 ?

Annotations:
D:4 exclusion: statue
D:8 exclusion: 2 oklob saplings
Temple 2 transporters Gauntlet 3 runed translucent doors, 11 transporters, exclusion: orange crystal statue


Innate Abilities, Weirdness & Mutations

You are too large for most types of armour.
You have tough skin. (AC +1)


Message History

Confirm with . or Enter, or press ? or * to list all spells.
You can't see any susceptible monsters within range! (Use Z to cast anyway.)
Casting: Summon Ice Beast (dangerous; 9% risk of failure)
Confirm with . or Enter, or press ? or * to list all spells.
You can't see any susceptible monsters within range! (Use Z to cast anyway.)
Casting: Summon Ice Beast (dangerous; 9% risk of failure)
Confirm with . or Enter, or press ? or * to list all spells.
You don't know that spell.
Casting: Summon Ice Beast (dangerous; 9% risk of failure)
Confirm with . or Enter, or press ? or * to list all spells.
Casting: Frozen Ramparts (safe; 1% risk of failure)
Press: ? - help, Dir - look around, f - activate The walls around you are covered in ice.
Something gores your ice beast!!
Unknown command.
Unknown command.
Something gores your ice beast.
Your ice beast dies!
Your ice beast disappears in a puff of smoke!
You are too injured to fight recklessly!
Casting: Frozen Ramparts (safe; 1% risk of failure)
Confirm with . or Enter, or press ? or * to list all spells.
A chill wind blows around you.
The wall freezes the catoblepas but does no damage.
The catoblepas gores you.
* * * LOW HITPOINT WARNING * * *
Unknown command.
You barely miss the catoblepas.
The wall freezes the catoblepas but does no damage.
The catoblepas gores you!
* * * LOW HITPOINT WARNING * * *
Your ice beast hits the catoblepas but does no damage.
Unknown command.
You hit the catoblepas.
The catoblepas is lightly wounded.
The wall freezes the catoblepas!
The catoblepas gores you!!
* * * LOW HITPOINT WARNING * * *
Your ice beast barely misses the catoblepas.
The wall freezes the catoblepas!
The catoblepas gores you!!
You die...

## ### ### ### ### ### ##
≈###≈###≈###≈###≈###≈###≈##
≈≈#≈≈≈#≈≈≈#≈≈≈#≈≈≈#≈≈≈#≈≈≈#
........................≈#
..#########...#########.##
8.#.+...#©#.8.#.......#.≈##
..#.###.#.#...#.@#....#.≈≈#
###...#...#####Y###.9.#.≈##
.©###.#####©.©#Y)#©#.Y#©##
8.#z#...zz#.8.#...###.#..##
..#z#####z#...#....#..#...##
8.#z.$....#.8.#....Y..#.∩.≈##
..#########...#########...≈≈##
8.#.........8.#.........8.≈≈≈#
..#########...#########...≈≈##


You could see a catoblepas (ally target), 2 flying skulls and a friendly ice
beast (summoned).

Vanquished Creatures
  An elephant (D:8)
  A gargoyle (Gauntlet)
  Maggie (D:7)
  2 tengu conjurers (D:10)
  A troll (D:9)
  A wyvern (D:8)
  25 yaks
  3 steam dragons
  A basilisk (D:8)
  3 water moccasins
  An ice beast (D:5)
  A black bear (D:8)
  6 orc warriors
  5 ogres
  2 centaurs
  A phantom (D:4)
  3 kobold brigands
  2 bullfrogs
  6 scorpions
  2 gnoll sergeants (D:9)
  11 wights
  18 killer bees
  5 howler monkeys
  3 gnoll boudas
  3 hounds
  5 jellies
  3 orc priests
  A sleepcap (D:7)
  4 orc wizards
  Natasha (thrice) (D:2)
  An iguana (D:5)
  Robin (D:3)
  19 gnolls
  5 adders
  A white imp (D:7)
  A worm (D:2)
  2 dart slugs
  28 orcs
  5 bats
  8 endoplasms
  A giant cockroach (D:3)
  12 goblins
  5 hobgoblins
  15 kobolds
  2 quokkas
  11 ball pythons
  2 frilled lizards (D:1)
  8 rats
251 creatures vanquished.

Notes
Turn   | Place    | Note
-------+----------+-------------------------------------------
     0 | D:1      | Vomitron the Ogre Ice Elementalist began the quest for the
                  | Orb.
     0 | D:1      | Reached XP level 1. HP: 16/16 MP: 3/3
   254 | D:1      | Reached XP level 2. HP: 24/24 MP: 3/5
  1239 | D:2      | Reached skill level 1 in Fighting
  1239 | D:2      | Reached skill level 3 in Spellcasting
  1239 | D:2      | Reached XP level 3. HP: 22/33 MP: 1/7
  1404 | D:2      | Noticed Natasha
  1412 | D:2      | Killed Natasha
  1413 | D:2      | Reached XP level 4. HP: 39/41 MP: 3/9
  1486 | D:2      | Noticed Natasha
  1493 | D:2      | Killed Natasha
  1494 | D:2      | Noticed Natasha
  1540 | D:2      | Killed Natasha
  1605 | D:2      | Reached XP level 5. HP: 45/49 MP: 6/10
  1609 | D:2      | Learned a level 3 spell: Frozen Ramparts
  1668 | D:2      | Reached skill level 4 in Spellcasting
  2362 | D:3      | Found a sacrificial altar of Ru.
  2417 | D:3      | Noticed Robin
  2432 | D:3      | Killed Robin
  3172 | D:4      | Found a radiant altar of Vehumet.
  3174 | D:4      | Noticed a frost-covered statue
  3208 | D:4      | Noticed a phantom
  3245 | D:4      | Killed a phantom
  3246 | D:4      | Reached skill level 5 in Ice Magic
  3246 | D:4      | Reached XP level 6. HP: 51/61 MP: 3/13
  3580 | D:4      | Reached skill level 5 in Spellcasting
  3856 | D:4      | Reached XP level 7. HP: 64/67 MP: 10/15
  4577 | D:5      | Entered Level 5 of the Dungeon
  4648 | D:5      | Reached skill level 6 in Spellcasting
  5055 | D:5      | Reached XP level 8. HP: 39/79 MP: 13/17
  5217 | D:5      | Found Agofic's General Store.
  5217 | D:5      | You fall into a shaft and drop 1 floor!
  5295 | D:6      | Reached skill level 5 in Fighting
  5383 | D:6      | Reached skill level 7 in Spellcasting
  5405 | D:6      | Learned a level 3 spell: Hailstorm
  5410 | D:6      | Learned a level 4 spell: Summon Ice Beast
  5516 | D:6      | Reached skill level 1 in Conjurations
  5516 | D:6      | Reached skill level 1 in Summonings
  5797 | D:6      | Reached XP level 9. HP: 89/89 MP: 13/20
  6629 | D:7      | Found a staircase to the Ecumenical Temple.
  6658 | Temple   | Found a transporter.
  6658 | Temple   | Found a transporter.
  6658 | Temple   | Found a transporter.
  6658 | Temple   | Found a transporter.
  6658 | Temple   | Entered the Ecumenical Temple
  6683 | Temple   | Became a worshipper of Elyvilon the Healer
  7043 | D:7      | Reached skill level 8 in Spellcasting
  7154 | D:7      | Reached skill level 1 in Invocations
  7400 | D:7      | Noticed Maggie
  7410 | D:7      | Killed Maggie
  7608 | D:8      | Reached * piety under Elyvilon
  7698 | D:8      | Reached XP level 10. HP: 82/100 MP: 8/22
  8240 | D:8      | Identified the +0 leather armour of the Furrier {rF++ rN+
                  | SInv}
  8311 | D:8      | Reached ** piety under Elyvilon
  8473 | D:8      | Found a staircase to the Lair.
  8474 | D:8      | Noticed an elephant
  8482 | D:8      | Reached skill level 9 in Spellcasting
  8491 | D:8      | Killed an elephant
  9316 | D:9      | Reached skill level 5 in Invocations
  9317 | D:9      | Reached skill level 5 in Conjurations
  9427 | D:9      | Reached XP level 11. HP: 93/107 MP: 8/24
  9444 | D:9      | Reached skill level 10 in Spellcasting
  9852 | D:9      | Found a staircase to the Orcish Mines.
 10193 | D:9      | Reached *** piety under Elyvilon
 10255 | D:9      | Found Irodued's Magic Scroll Emporium.
 10260 | D:9      | Bought a scroll of blinking for 105 gold pieces
 10260 | D:9      | Bought a scroll of identify for 28 gold pieces
 10260 | D:9      | Bought a scroll of identify for 28 gold pieces
 10262 | D:9      | Identified a scroll of acquirement
 10263 | D:9      | Acquired the scarf of Sif Muna, Protecting {repulsion, rC+}
 10774 | D:9      | Reached skill level 1 in Shields
 10938 | D:10     | Entered Level 10 of the Dungeon
 11094 | D:10     | Found an iron altar of Okawaru.
 11486 | D:10     | Reached **** piety under Elyvilon
 11752 | D:10     | Found a glowing silver altar of Zin.
 11752 | D:10     | Found a stormy altar of Qazlal.
 11752 | D:10     | Found a glowing golden altar of the Shining One.
 11752 | D:10     | Found a basalt altar of Yredelemnul.
 11759 | D:10     | Found an opulent altar of Gozag.
 11764 | D:10     | Found a hide-covered altar of Uskayaw.
 11878 | Gauntlet | Identified the of Dimucy
 11878 | Gauntlet | Identified the of Abbull
 11878 | Gauntlet | Identified the "Nailyqiu"
 11878 | Gauntlet | Identified the "Zann"
 11885 | D:11     | Noticed a cyclops
 12048 | D:11     | Found a gate leading to a gauntlet.
 12060 | Gauntlet | Entered a Gauntlet
 12060 | Gauntlet | Found a runed translucent door.
 12060 | Gauntlet | Found a transporter.
 12060 | Gauntlet | Found a runed translucent door.
 12060 | Gauntlet | Found a transporter.
 12064 | Gauntlet | Found a transporter.
 12064 | Gauntlet | Found a transporter.
 12064 | Gauntlet | Noticed a catoblepas
 12068 | Gauntlet | Found a transporter.
 12068 | Gauntlet | Found a transporter.
 12101 | Gauntlet | Found a runed translucent door.
 12104 | Gauntlet | Found a transporter.
 12106 | Gauntlet | Found a transporter.
 12108 | Gauntlet | Noticed a sixfirhy
 12114 | Gauntlet | Noticed a sixfirhy
 12117 | Gauntlet | Noticed a sixfirhy
 12121 | Gauntlet | Found a transporter.
 12137 | Gauntlet | Found a transporter.
 12140 | Gauntlet | Found the +3 pair of gauntlets of War {Slay+5}
 12155 | Gauntlet | Found a transporter.
 12156 | Gauntlet | Found a transporter.
 12164 | Gauntlet | Noticed an orange crystal statue
 12287 | Gauntlet | HP: 4/107 [gargoyle/stone arrow (12)]
 12332 | Gauntlet | HP: 5/107 [catoblepas (19)]
 12332 | Gauntlet | Demolished by a catoblepas

Illustrated notes

Levels and vault maps discovered:
D:1:      lightli_arrival_maybe_door_vault, layout_basic
D:2:      layout_rooms, uniq_natasha
D:3:      layout_basic, mainiacjoe_overflow_boulevard,
          kennysheep_generic_room_8, uniq_robin
D:4:      layout_layer_cave, vehumet_statue, grunt_decor_arrowhead
D:5:      layout_loops_ring, ebering_ghost_sewer_d, serial_shops,
          nicolae_shop_hallway_stairs
D:6:      cheibrodos_steamvent, layout_basic
D:7:      layout_basic, minmay_temple_entry_butterflies, uniq_maggie
D:8:      layout_basic, david_lair_generic, glass_columns_b,
          introduction_to_nature_2
D:9:      layout_basic, kennysheep_orc_monster_closet_entryway, serial_shops,
          nicolae_shop_trees, minmay_liquid_box
D:10:     layout_loops_ring, marbit_many_paths, minmay_overflow_temple_hex
D:11:     layout_stronghold, gauntlet_entry_generic, nicolae_uskayaw_suspiria
Temple:   hellmonk_temple_divided_pantheon
Gauntlet: minmay_gauntlet_77_indecision [minmay_gauntlet_arena_77_shame_cube,
          minmay_gauntlet_arena_77_double_cross,
          minmay_gauntlet_arena_77_mirror, minmay_gauntlet_arena_77_path,
          minmay_gauntlet_arena_77_tiled_triplets,
          minmay_gauntlet_arena_77_mess, dreamdust_gauntlet_exit_labyrinth]

Skill      XL: |  1  2  3  4  5  6  7  8  9 10 11 |
---------------+----------------------------------+-----
Dodging        | 2 |  2.0
Fighting       | 1 2 3 4 6 |  6.5
Spellcasting   | 3 4 5 6 7 8 9 10 | 10.7
Ice Magic      | 4 5 6 7 8 9 |  9.5
Conjurations   | 1 3 5 6 |  6.5
Summonings     | 1 3 4 |  4.0
Invocations    | 3 5 7 |  7.1
Shields        | 2 |  2.3
Stealth        | |  1.5

Action                     |  1- 3 |  4- 6 |  7- 9 | 10-12 || total
---------------------------+-------+-------+-------+-------++-------
  Melee: Unarmed           |     3 |       |       |       ||     3
         Halberd           |       |    91 |    62 |       ||   153
         Club              |       |     4 |       |       ||     4
         Spear             |       |     4 |       |       ||     4
         Whip              |       |       |    77 |   132 ||   209
         Punch             |       |       |     3 |       ||     3
   Cast: Freeze            |    33 |    58 |    57 |    31 ||   179
         Frozen Ramparts   |       |    11 |    19 |    38 ||    68
         Hailstorm         |       |       |    19 |    36 ||    55
         Summon Ice Beast  |       |       |       |     3 ||     3
    Use: Scroll            |       |    13 |       |     5 ||    18
         Potion            |       |       |     2 |     2 ||     4
   Stab: Sleeping          |       |     1 |     1 |       ||     2
         Distracted        |       |     1 |       |       ||     1
 Armour: Robe              |    15 |   105 |    88 |       ||   208
         Skin              |       |       |    18 |       ||    18
         Steam dragon scal |       |       |    55 |       ||    55
         Swamp dragon scal |       |       |    23 |   150 ||   173
  Dodge: Dodged            |    14 |    61 |   112 |    63 ||   250
         Repelled          |       |       |       |     3 ||     3

Table legend: (Time is in decaauts)
 A = Elapsed time spent in this place.
 B = Non-inter-level travel time spent in this place.
 C = Inter-level travel time spent in this place.
 D = Time resting spent in this place.
 E = Time spent auto-exploring this place.
 F = Levels seen in this place.
 G = Mean time per level.
                   A        B        C        D        E       F      G
               +--------+--------+--------+--------+--------+-----+--------+
         Total |  12438 |  12042 |    396 |    947 |   8930 |  13 |  956.8 |
       Dungeon |  12124 |  11728 |    396 |    913 |   8930 |  11 | 1102.2 |
        Temple |     41 |     41 |      0 |      0 |      0 |   1 |   41.0 |
      Gauntlet |    272 |    272 |      0 |     34 |      0 |   1 |  272.0 |
               +--------+--------+--------+--------+--------+-----+--------+

Top non-repeatable levels by time:
     D:8: 1769 daAuts
     D:9: 1646 daAuts
     D:4: 1432 daAuts
     D:1: 1245 daAuts
     D:6: 1164 daAuts
     D:7: 1115 daAuts
     D:3: 1010 daAuts
    D:10: 993 daAuts
     D:2: 947 daAuts
     D:5: 669 daAuts
Gauntlet: 272 daAuts
    D:11: 129 daAuts
  Temple: 41 daAuts
